 Dungeon Crawl Stone Soup version 0.29-a0-977-g7483850d73 (webtiles) character file.

Game seed: 10524709584383486562

688 Ajdolov the Carver (level 7, -27/52 HPs)
             Began as a Merfolk Fighter on Aug 1, 2022.
             Annihilated by an ogre
             ... wielding a +0 giant club
              (30 damage)
             ... on level 4 of the Dungeon.
             The game lasted 00:06:20 (5493 turns).

Ajdolov the Carver (Merfolk Fighter)                Turns: 5493, Time: 00:06:21

Health: -27/52     AC:  7    Str: 16    XL:     7   Next: 62%
Magic:  7/7        EV:  8    Int:  8    God:
Gold:   222        SH:  5    Dex: 15    Spells: 6/6 levels left

rFire   . . .      SeeInvis .   a - +0 long sword
rCold   . . .      Faith    .   c - +0 buckler
rNeg    . . .      Spirit   .   b - +0 scale mail
rPois   .          Reflect  .   (no helmet)
rElec   .          Harm     .   (no cloak)
rCorr   .          Rampage  .   (no gloves)
Will    .....                   o - +0 pair of boots
Stlth   ..........              n - amulet of magic regeneration
HPRegen 0.17/turn               (no ring)
MPRegen 0.50/turn               (no ring)

@: no status effects
A: (nimble swimmer 2), mertail
a: no special abilities


You were on level 4 of the Dungeon.
You visited 1 branch of the dungeon, and saw 5 of its levels.

You collected 222 gold pieces.

Inventory:

Hand Weapons
 a - a +0 long sword (weapon)
Armour
 b - a +0 scale mail (worn)
 c - a +0 buckler (worn)
 o - a +0 pair of boots (worn)
Jewellery
 n - an amulet of magic regeneration (around neck)
Wands
 j - a wand of digging (3)
 m - a wand of roots (4)
Scrolls
 e - 3 scrolls of identify {unknown}
 h - 3 scrolls of magic mapping {unknown}
 i - 2 scrolls of fog {unknown}
 p - a scroll of silence {unknown}
 r - 3 scrolls of brand weapon {unknown}
 s - a scroll of amnesia {unknown}
 v - 2 scrolls of teleportation {unknown}
 w - 2 scrolls of blinking {unknown}
Potions
 d - a potion of might
 f - 2 potions of invisibility
 g - a potion of degeneration {unknown}
 k - 2 potions of haste {unknown}
 l - 2 potions of mutation {unknown}
 q - a potion of curing {unknown}
 t - a potion of magic {unknown}
 u - a potion of brilliance {unknown}
 x - a potion of attraction {unknown}


   Skills:
 - Level 3.2 Fighting
 * Level 10.0 Long Blades
 - Level 2.1 Armour
 - Level 3.0 Shields


You had 6 spell levels left.
You didn't know any spells.
Your spell library contained the following spells:

 Spells                   Type           Power      Damage    Failure   Level
 Magic Dart               Conj           0%         1d3       91%         1
 Call Imp                 Summ           0%         N/A       97%         2
 Mephitic Cloud           Conj/Pois/Air  0%         N/A       99%         3


Dungeon Overview and Level Annotations

Branches:
Dungeon (5/15)
 Temple: D:4-7

Altars:
Xom

Annotations:
D:3 Sigmund


Innate Abilities, Weirdness & Mutations

((You are very nimble when in or above water. (Stealth+, EV+, Speed+++)))
Your lower body shifts to a powerful aquatic tail in water.


Message History

Your Long Blades skill increases to level 10!
Unknown command.
Items here: )) [ †.
Okay, then.
You start resting.
An ogre is nearby!
Things that are here:
a +0 dagger; a boomerang of dispersal; an orc corpse
There is a stone staircase leading up, spattered with blood here.
You climb upwards.
There is a stone staircase leading down here.
You start resting.
HP restored.
You climb downwards.
There is a stone staircase leading up, spattered with blood here.
The ogre shouts!
An iguana comes into view.
An ice beast comes into view.
Okay, then.
You see here a +0 hand axe.
There is a stone staircase leading up, spattered with blood here.
The ogre hits you with a +0 giant club!
You climb upwards.
There is a stone staircase leading down here.
You hit the ogre.
The ogre is lightly wounded.
You slash the ogre!
The ogre is heavily wounded.
The ogre hits you with a +0 giant club!!
You hit the ogre but do no damage.
The ogre is heavily wounded.
You barely miss the ogre.
The ogre is heavily wounded.
The ogre hits you with a +0 giant club!
* * * LOW HITPOINT WARNING * * *
You hit the ogre.
The ogre is heavily wounded.
The ogre hits you with a +0 giant club!!
Ouch! That really hurt!
You die...

.########+##.......# #.......
##.................# #......#
...................# ##.....#
...................# #......#
............######## #...†..#
.(###'####'##......# ##..##.#
..#....+...........# ######.#
###....#...........# #.......
.##...##........@..# #.......
.##...##.......O...# #.......
.......)...........# #.......
.....))....######### #######.
###........#.......# ##..###.
.##'########.......# #.......
.#.................# #.......
.#.................# #.......
.#.................##############


You could see an ogre.

Vanquished Creatures
  An ogre (D:4)
  A phantom (D:4)
  A necrophage (D:4)
  A jelly (D:5)
  An orc priest (D:3)
  4 hounds
  An iguana (D:3)
  Natasha (twice) (D:4)
  An orc wizard (D:5)
  3 gnolls (D:4)
  5 adders
  A white imp (D:4)
  An ufetubus (D:5)
  4 dart slugs
  2 worms
  6 orcs
  7 bats
  4 endoplasms
  6 giant cockroaches
  7 goblins
  8 hobgoblins
  3 jackals (D:1)
  A quokka (D:3)
  8 ball pythons
  4 frilled lizards
  12 kobolds
  3 rats
98 creatures vanquished.

Notes
Turn   | Place    | Note
-------+----------+-------------------------------------------
     0 | D:1      | Ajdolov the Merfolk Fighter began the quest for the Orb.
     0 | D:1      | Reached XP level 1. HP: 18/18 MP: 1/1
   221 | D:1      | Reached skill level 3 in Long Blades
   268 | D:1      | Reached XP level 2. HP: 13/24 MP: 2/2
   581 | D:1      | Reached skill level 4 in Long Blades
   731 | D:1      | Reached XP level 3. HP: 28/29 MP: 3/3
  1532 | D:2      | Reached skill level 5 in Long Blades
  1532 | D:2      | Reached XP level 4. HP: 26/35 MP: 4/4
  2310 | D:3      | HP: 1/35 [orc priest/nerve-wracking pain (10)]
  2312 | D:3      | Reached skill level 6 in Long Blades
  2312 | D:3      | Reached XP level 5. HP: 1/41 MP: 5/5
  2771 | D:3      | Noticed Sigmund
  2893 | D:4      | Noticed Natasha
  2906 | D:4      | Killed Natasha
  2907 | D:4      | Reached skill level 7 in Long Blades
  3081 | D:4      | Noticed an ogre
  3091 | D:4      | Killed an ogre
  3092 | D:4      | Reached XP level 6. HP: 47/47 MP: 6/6
  3212 | D:4      | Reached skill level 8 in Long Blades
  3475 | D:4      | Noticed Natasha
  3482 | D:4      | Killed Natasha
  4162 | D:3      | Found a faded altar of an unknown god.
  4290 | D:5      | Entered Level 5 of the Dungeon
  4311 | D:4      | Reached XP level 7. HP: 45/52 MP: 7/7
  4398 | D:4      | Reached skill level 9 in Long Blades
  5142 | D:5      | Found a shimmering altar of Xom.
  5217 | D:5      | Reached skill level 10 in Long Blades
  5493 | D:4      | Annihilated by an ogre

Illustrated notes

Levels and vault maps discovered:
D:1:      nzn_arrival_settlement, layout_basic
D:2:      layout_basic
D:3:      layout_rooms, basic_ecumenical_altar, uniq_sigmund, uniq_grinder
D:4:      layout_gridville, grunt_decor_arrowhead, uniq_natasha
D:5:      layout_cave_pools, nicolae_xom_altar_mimics, minmay_diced_spiral

Skill      XL: |  1  2  3  4  5  6  7 |
---------------+----------------------+-----
Long Blades    | 3 4 5 6 7 8 10 | 10.0
Fighting       | |  3.2
Armour         | |  2.1
Shields        | |  3.0

Action                   |  1- 3 |  4- 6 |  7- 9 || total
-------------------------+-------+-------+-------++-------
Melee: Long sword        |   124 |   189 |    80 ||   393
Evoke: Wand              |       |     4 |       ||     4
Armor: Scale mail        |    66 |    80 |    38 ||   184
Dodge: Dodged            |    62 |    56 |    32 ||   150
Block: Buckler           |    39 |    44 |    16 ||    99

Table legend: (Time is in decaauts)
 A = Elapsed time spent in this place.
 B = Non-inter-level travel time spent in this place.
 C = Inter-level travel time spent in this place.
 D = Time resting spent in this place.
 E = Time spent auto-exploring this place.
 F = Levels seen in this place.
 G = Mean time per level.
                   A        B        C        D        E       F      G
               +--------+--------+--------+--------+--------+-----+--------+
         Total |   5555 |   5275 |    280 |    808 |   3397 |   5 | 1111.0 |
       Dungeon |   5555 |   5275 |    280 |    808 |   3397 |   5 | 1111.0 |
               +--------+--------+--------+--------+--------+-----+--------+

Top non-repeatable levels by time:
     D:4: 2059 daAuts
     D:2: 1178 daAuts
     D:1: 1040 daAuts
     D:3: 867 daAuts
     D:5: 409 daAuts
